[Event "*** Titled Tuesday Blitz AM"]
[Site "Chess.com"]
[Date "2020.01.07"]
[Round "9"]
[White "mouseWLZ"]
[Black "Firouzja2003"]
[Result "1/2-1/2"]
[WhiteElo "2823"]
[BlackElo "3062"]
[TimeControl "180+2"]
[EndTime "11:01:18 PST"]
[Termination "Game drawn by agreement"]

1. d4 d5 2. Bf4 Nf6 3. e3 e6 4.
Nf3 Be7 5. Nbd2 O-O 6. Bd3 Nbd7 7. c3 h6 8. Ne5 Bd6 9. Qf3 Qe7 10. Qh3 Bxe5 11.
dxe5 Nc5 12. Bc2 Nfe4 13. Nxe4 dxe4 14. O-O Nd3 15. Bxd3 exd3 16. e4 Rd8 17. Rfd1 b6 18.
Rxd3 Rxd3 19. Qxd3 Bb7 20. Rd1 Bc6 21. h3 a5 22. Rd2 Qe8 23. Kh2 Rc8 24. f3 Bb5 25. c4 Bc6 26. Be3 Ra8 27. Bf2 Qe7 28. c5 b5 29. Qd4 Qe8 30. a3 Rb8 31. Rd1 b4 32. Be1 bxa3 33. bxa3 a4 34. Ba5 Qe7 35.
Rd2 Kh7 36. Bb4 Kg8 37. Ba5 Kh7 1/2-1/2

[Event "*** Titled Tuesday Blitz AM"]
[Site "Chess.com"]
[Date "2020.01.07"]
[Round "9"]
[White "szefru"]
[Black "GelmanAlexander"]
[Result "0-1"]
[WhiteElo "2127"]
[BlackElo "2445"]
[TimeControl "180+2"]
[EndTime "11:01:36 PST"]
[Termination "GelmanAlexander won by resignation"]

1. d4 Nf6 2. Bf4 c6 3. e3 g5 4. Bxg5 Qa5+ 5. Nc3 Qxg5 6. Nf3 Qa5 7. g3 Ne4 8. Qd3 d5 9. Bg2 Bf5 10. O-O Nxg3 11.
Qd1 Nxf1 12. Bxf1 Rg8+ 13. Kh1 Nd7 14. a3 e6 15. b4 Qd8 16. Na4 Bd6 17. Nb2 Be4 18. Nd3 Qh4 19. h3 Qh5 20. Bg2 O-O-O 21. Nde1 Nf6 22. c4 dxc4 23. Qe2 Rxg2 24. Kxg2 Rg8+ 0-1

[Event "*** Titled Tuesday Blitz AM"]
[Site "Chess.com"]
[Date "2020.01.07"]
[Round "9"]
[White "gmcorrales"]
[Black "fireheart92"]
[Result "0-1"]
[WhiteElo "2883"]
[BlackElo "2939"]
[TimeControl "180+2"]
[EndTime "11:01:39 PST"]
[Termination "fireheart92 won by resignation"]

1. e4 c6 2. d4 d5 3. e5 c5 4.
dxc5 e6 5. a3 Nc6 6. Nf3 Bxc5 7.
Bd3 Nge7 8. b4 Bb6 9. O-O Ng6 10. Re1 O-O 11. Bb2 Nf4 12. Bf1 f6 13. exf6 e5 14. c4 Bg4 15. c5 Bc7 16. b5 e4 17. fxg7 Rf7 18. bxc6 Nh3+ 19. gxh3 Bxf3 20. Qc1 Bf4 21. h4 Qxh4 22. Qxf4 Rxf4 23. h3 Rg4+ 24. Kh2 Qxf2+ 0-1

[Event "*** Titled Tuesday Blitz AM"]
[Site "Chess.com"]
[Date "2020.01.07"]
[Round "9"]
[White "IMRosen"]
[Black "bluejay1897"]
[Result "1-0"]
[WhiteElo "2567"]
[BlackElo "2379"]
[TimeControl "180+2"]
[EndTime "11:01:54 PST"]
[Termination "IMRosen won by resignation"]

1. e4 c5 2. Nc3 Nc6 3. Bb5 a6 4.
Bxc6 bxc6 5. f4 e6 6. Nf3 d5 7. O-O c4 8. b3 cxb3 9. axb3 Bc5+ 10.
Kh1 Ne7 11. Bb2 O-O 12. Qe1 f6 13. Na4 Ba7 14. d3 Bb7 15. exd5 exd5 16. Qe6+ Kh8 17. Rae1 Re8 18. Qf7 1-0

[Event "*** Titled Tuesday Blitz AM"]
[Site "Chess.com"]
[Date "2020.01.07"]
[Round "9"]
[White "DishonorOnYourCow"]
[Black "LogoCzar"]
[Result "1-0"]
[WhiteElo "2244"]
[BlackElo "2371"]
[TimeControl "180+2"]
[EndTime "11:01:59 PST"]
[Termination "DishonorOnYourCow won by checkmate"]

1. d4 d5 2. c4 c6 3. Nf3 Nf6 4. e3 e6 5. b3 Nbd7 6. Bb2 Bb4+ 7. Nbd2 Ne4 8. Bd3 f5 9. a3 Bd6 10. Ne5 Qf6 11. Ndf3 O-O 12. O-O g5 13. Nxd7 Bxd7 14.
Ne5 Bxe5 15. dxe5 Qh6 16. f3 Nc5 17. Bc2 Be8 18. b4 Nd7 19. e4 dxe4 20. fxe4 f4 21. Qd6 g4 22. c5 g3 23. h3 f3 24. Bc1 f2+ 25. Kh1 Qg6 26. Bb3 Qxe4 27. Bxe6+ Kh8 28.
Bxd7 Rd8 29. Qxf8# 1-0

[Event "*** Titled Tuesday Blitz AM"]
[Site "Chess.com"]
[Date "2020.01.07"]
[Round "9"]
[White "j_coca"]
[Black "XxPetroffsxX"]
[Result "1-0"]
[WhiteElo "2187"]
[BlackElo "1992"]
[TimeControl "180+2"]
[EndTime "11:02:01 PST"]
[Termination "j_coca won by resignation"]

1. f4 d6 2. Nf3 g6 3. e3 Bg7 4. d4 Bg4 5. Bd3 Nd7 6. c3 Nh6 7. O-O O-O 8. Qc2 e5 9. Nbd2 exd4 10. exd4 c5 11. h3 Bf5 12. g4 Bxd3 13. Qxd3 cxd4 14.
Nxd4 Nc5 15. Qg3 Bxd4+ 16. cxd4 f5 17. dxc5 dxc5 18. Nf3 fxg4 19. hxg4 Qb6 20. f5 Nf7 21.
Be3 Rae8 22. Rae1 Qxb2 23. Bxc5 Rxe1 24. Rxe1 Rc8 25. Bd4 Qxa2 26. Ne5 Ng5 27. fxg6 hxg6 28. Nxg6 Qd2 29. Ne7+ Kf7 30. Nxc8 Qxd4+ 31. Qf2+ Nf3+ 32. Kg2 Qxf2+ 33. Kxf2 Nxe1 34. Kxe1 Kg6 35. Kf2 Kg5 36. Kf3 a5 37. Nb6 Kf6 38. Kf4 Kg6 39. g5 Kf7 40.
Kf5 Kg7 41. g6 Kg8 42. Kf6 Kf8 43. g7+ Kg8 44. Kg6 a4 45. Nd7 1-0

[Event "*** Titled Tuesday Blitz AM"]
[Site "Chess.com"]
[Date "2020.01.07"]
[Round "9"]
[White "levallem"]
[Black "MixMasterChess"]
[Result "0-1"]
[WhiteElo "2174"]
[BlackElo "2147"]
[TimeControl "180+2"]
[EndTime "11:02:02 PST"]
[Termination "MixMasterChess won by resignation"]

1. d4 d6 2. Nf3 f5 3. g3 Nf6 4.
Bg2 g6 5. c4 Bg7 6. Nc3 O-O 7.
d5 Qe8 8. O-O Na6 9. Nd4 Bd7 10. a3 c5 11. dxc6 bxc6 12. Ne6 Bxe6 13. b3 Nc5 14. Rb1 Bd7 15. Qc2 e5 16. Rd1 Qe7 17.
Be3 Ne6 18. Qd2 Nd4 19. Bxd4 exd4 20. Na4 Ne4 21. Qd3 c5 22. Nb2 Rab8 23. Bxe4 fxe4 24.
Qc2 Bh3 25. Rd2 Rxf2 26. Kxf2 e3+ 27. Ke1 Qf6 0-1

[Event "*** Titled Tuesday Blitz AM"]
[Site "Chess.com"]
[Date "2020.01.07"]
[Round "9"]
[White "boasovietica"]
[Black "NewBornNow"]
[Result "0-1"]
[WhiteElo "2461"]
[BlackElo "2686"]
[TimeControl "180+2"]
[EndTime "11:02:09 PST"]
[Termination "NewBornNow won by resignation"]

1. Nf3 d6 2. c4 e5 3. g3 f5 4. Bg2 Nf6 5. O-O Be7 6. Nc3 O-O 7.
b4 Qe8 8. Nd5 Nxd5 9. cxd5 Nd7 10. Qc2 Bd8 11. d3 Nf6 12. Ng5 Rb8 13. f4 h6 14. Ne6 Bxe6 15. dxe6 Qxe6 16. fxe5 dxe5 17. Bb2 c6 18. Qc4 Bb6+ 19. Kh1 Qxc4 20. dxc4 Ng4 21. h3 Ne3 22. Rf3 Nxc4 23. Bc3 e4 24. Rf4 Bc7 25. Rff1 Bxg3 0-1

[Event "*** Titled Tuesday Blitz AM"]
[Site "Chess.com"]
[Date "2020.01.07"]
[Round "9"]
[White "csati17"]
[Black "Hadza_3"]
[Result "0-1"]
[WhiteElo "2544"]
[BlackElo "2375"]
[TimeControl "180+2"]
[EndTime "11:02:16 PST"]
[Termination "Hadza_3 won by resignation"]

1. c4 e5 2. g3 Nc6 3. Bg2 Bc5 4. Nc3 d6 5. e3 a6 6. Nge2 Ba7 7. d4 h5 8. h3 h4 9. g4 f5 10. Qd3 Nh6 11.
Bxc6+ bxc6 12. dxe5 O-O 13. e4 fxg4 14. Bxh6 Bxf2+ 15. Kd2 gxh6 16. hxg4 Bxg4 17. Rag1 Bxg1 18. Rxg1 Qg5+ 19.
Kc2 dxe5 20. c5 Rad8 21. Qc4+ Kh7 22. Kb3 Rf6 23. Nc1 0-1

[Event "*** Titled Tuesday Blitz AM"]
[Site "Chess.com"]
[Date "2020.01.07"]
[Round "9"]
[White "BeanScreen"]
[Black "Rainbow2014"]
[Result "1-0"]
[WhiteElo "2396"]
[BlackElo "2278"]
[TimeControl "180+2"]
[EndTime "11:02:39 PST"]
[Termination "BeanScreen won by resignation"]

1. e4 c5 2. Nf3 e6 3. d4 cxd4 4. Nxd4 a6 5. Bd3 Bc5 6. Nb3 Be7 7. Nc3 d6 8. O-O Nf6 9. Be3 Nc6 10. f4 O-O 11. g4 Qc7 12. g5 Nd7 13. Qh5 g6 14.
Qh6 Re8 15. Rf3 Bf8 16. Qh4 Bg7 17. Raf1 Nf8 18. Nd1 d5 19. Nf2 Nb4 20. Ng4 Nxd3 21. cxd3 dxe4 22. dxe4 Bd7 23. Nf6+ Bxf6 24. gxf6 h5 25.
Qg5 Kh7 26. f5 exf5 27. Qh6+ 1-0

[Event "*** Titled Tuesday Blitz AM"]
[Site "Chess.com"]
[Date "2020.01.07"]
[Round "9"]
[White "liczner"]
[Black "farzadbfd"]
[Result "1-0"]
[WhiteElo "2814"]
[BlackElo "2607"]
[TimeControl "180+2"]
[EndTime "11:02:50 PST"]
[Termination "liczner won by resignation"]

1. e4 c6 2. d4 d5 3. Nc3 dxe4 4. Nxe4 Bf5 5. Ng3 Bg6 6. h4 h6 7. Nf3 Nd7 8. h5 Bh7 9. Bd3 Bxd3 10. Qxd3 e6 11.
Bd2 Ngf6 12. O-O-O Be7 13. Kb1 O-O 14. Nf1 c5 15.
Be3 Ng4 16. Qe2 Qb6 17. Ne5 Ngxe5 18. dxe5 Nxe5 19. Bxh6 Bf6 20. Bc1 Rfd8 21. Rxd8+ Rxd8 22. Ng3 Nc4 23. Qxc4 1-0

[Event "*** Titled Tuesday Blitz AM"]
[Site "Chess.com"]
[Date "2020.01.07"]
[Round "9"]
[White "MITerryble"]
[Black "Korchmar_Vasiliy"]
[Result "0-1"]
[WhiteElo "2927"]
[BlackElo "2786"]
[TimeControl "180+2"]
[EndTime "11:03:00 PST"]
[Termination "Korchmar_Vasiliy won by resignation"]

1. e4 c5 2. Nf3 d6 3. Bb5+ Bd7 4.
Bxd7+ Qxd7 5. O-O Nc6 6. c3 Nf6 7. d4 cxd4 8. cxd4 Nxe4 9. d5 Ne5 10. Re1 Nf6 11. Bg5 h6 12. Bh4 g5 13. Bg3 Nxf3+ 14. Qxf3 Bg7 15. Nc3 O-O 16. h4 g4 17. Qd3 Rac8 18. Re2 Rc5 19. Rae1 Re8 20. Bf4 b5 21. a3 a5 22. Be3 Rc4 23. b3 Rxc3 24. Qxc3 Nxd5 25.
Qd3 Nc3 26. Rd2 b4 27. axb4 axb4 28. Bd4 e5 29. Bxc3 bxc3 30. Qxc3 d5 31. Qc5 d4 32. b4 e4 33. b5 d3 34. b6 g3 35.
Kh1 Qg4 36. fxg3 Qxg3 37. Rxe4 Rxe4 38. Qc8+ Bf8 39. Rd1 Re1+ 0-1

[Event "*** Titled Tuesday Blitz AM"]
[Site "Chess.com"]
[Date "2020.01.07"]
[Round "9"]
[White "enzovsky"]
[Black "petrpalachev"]
[Result "0-1"]
[WhiteElo "2242"]
[BlackElo "2767"]
[TimeControl "180+2"]
[EndTime "11:03:04 PST"]
[Termination "petrpalachev won by resignation"]

1. e4 c5 2. Nf3 Nc6 3. Bb5 d6 4. O-O Nf6 5. e5 dxe5 6. Nxe5 Qd6 7. d4 Bd7 8. Nxd7 Nxd7 9. dxc5 Qxc5 10. Nc3 e6 11. Be3 Qb4 12. a3 Qa5 13. Qd2 Be7 14. Rad1 Rd8 15. Bxc6 bxc6 16. Qd4 O-O 17. Qxa7 Qxa7 18.
Bxa7 Ne5 19. Bd4 Nc4 20. Ne4 f5 21. Nc5 Kf7 22. a4 e5 23. Be3 Nxe3 24. fxe3 Rxd1 25.
Rxd1 Bxc5 26. Rd7+ Ke6 27. Rxg7 Bxe3+ 28. Kf1 Rd8 29.
b4 f4 30. b5 cxb5 31. axb5 Rd1+ 32. Ke2 Rd2+ 33. Ke1 Rxc2 34. Rxh7 Rxg2 35. b6 Rb2 36. b7 e4 37. h3 f3 38. Kd1 f2 0-1

[Event "*** Titled Tuesday Blitz AM"]
[Site "Chess.com"]
[Date "2020.01.07"]
[Round "9"]
[White "OneTrickPony_82"]
[Black "Nathan_Filgueiras"]
[Result "0-1"]
[WhiteElo "2401"]
[BlackElo "2336"]
[TimeControl "180+2"]
[EndTime "11:03:15 PST"]
[Termination "Nathan_Filgueiras won by resignation"]

1. d4 Nf6 2. c4 e6 3. Nf3 b6 4. g3 Bb7 5. Bg2 Be7 6. O-O O-O 7.
d5 exd5 8. Nh4 c6 9. cxd5 Nxd5 10. Nf5 Nc7 11. e4 d5 12. exd5 cxd5 13. Nc3 Bf6 14. Bf4 Bxc3 15. bxc3 Ne6 16. Qg4 g6 17. Be5 h5 18. Qh3 gxf5 19. Qxh5 f6 20. Qg6+ Ng7 21. Bd4 Nc6 22. Rad1 Nxd4 23. Rxd4 Qe8 24. Qh6 Qh5 25.
Qf4 Rad8 26. Qc7 Qf7 27. Qf4 Ne6 0-1

[Event "*** Titled Tuesday Blitz AM"]
[Site "Chess.com"]
[Date "2020.01.07"]
[Round "9"]
[White "manmanlai1"]
[Black "GianmarcoVaR"]
[Result "0-1"]
[WhiteElo "2379"]
[BlackElo "2577"]
[TimeControl "180+2"]
[EndTime "11:03:27 PST"]
[Termination "GianmarcoVaR won by resignation"]

1. d4 Nf6 2. Nf3 e6 3. c4 b6 4. e3 Bb7 5. Bd3 Be7 6. O-O O-O 7. Nc3 d5 8. b3 dxc4 9. Bxc4 Nbd7 10. Bb2 a6 11.
Be2 c5 12. Rc1 Rc8 13. Qd3 cxd4 14. Nxd4 b5 15. Rfd1 Qb6 16. Qb1 Ne5 17. a3 h6 18.
h3 Qa7 19. Bf1 Qa8 20. Nce2 Ng6 21. Rxc8 Rxc8 22. Rc1 Rd8 23. Nxe6 Be4 24. Qa1 fxe6 25. Ng3 Bd3 26. Rc7 Bxf1 27. Nxf1 Nd5 28. Rc1 Bf6 29.
Ng3 Bxb2 30. Qxb2 Nf6 31. Qc3 Qd5 32. b4 Nh4 33. f3 Qd2 0-1

[Event "*** Titled Tuesday Blitz AM"]
[Site "Chess.com"]
[Date "2020.01.07"]
[Round "9"]
[White "bhavesh1810"]
[Black "Sashadav97"]
[Result "0-1"]
[WhiteElo "2067"]
[BlackElo "2570"]
[TimeControl "180+2"]
[EndTime "11:03:36 PST"]
[Termination "Sashadav97 won by checkmate"]

1. e4 c5 2. Nf3 Nc6 3. d4 cxd4 4.
Nxd4 Nf6 5. Nc3 d6 6. Be2 e5 7.
Nb3 Be7 8. O-O O-O 9. Bg5 a5 10. Bxf6 Bxf6 11. Nd5 a4 12. Nd2 Nd4 13. c3 Nxe2+ 14.
Qxe2 b5 15. a3 Bg5 16. Nf3 Bh6 17. Rad1 Bd7 18. Ne1 Rb8 19. Nc2 Be6 20. Ncb4 Qd7 21. Rd3 Kh8 22. Rfd1 f5 23. Ne3 f4 24. Rxd6 Qe8 25. Nf5 Bxf5 26. exf5 Rxf5 27. Nc6 f3 28. gxf3 Rf8 29. Nxb8 Qxb8 30. Qd3 Bg5 31. Qe4 Qe8 32. Rd7 Bf6 33. Kh1 Qh5 34. Qg4 Qh6 35.
Qb4 Rg8 36. Qxb5 Qh3 37. Qe2 Bg5 38. R7d3 Bf4 39. Qxe5 Qxh2# 0-1

[Event "*** Titled Tuesday Blitz AM"]
[Site "Chess.com"]
[Date "2020.01.07"]
[Round "9"]
[White "peteseeger"]
[Black "Blagorod"]
[Result "1-0"]
[WhiteElo "2173"]
[BlackElo "2095"]
[TimeControl "180+2"]
[EndTime "11:03:38 PST"]
[Termination "peteseeger won by checkmate"]

1. e4 e5 2. Nf3 Nf6 3. d4 Nxe4 4. Bd3 d5 5. Nxe5 Bd6 6. Nc3 O-O 7. O-O Nxc3 8. bxc3 Bxe5 9. dxe5 Nc6 10. f4 Ne7 11. c4 d4 12. f5 Nc6 13. Bf4 Re8 14. Re1 Qh4 15. Qf3 Bd7 16. Bg3 Qg5 17. h4 Qd2 18. f6 g6 19. Bf4 Qc3 20. Qg3 Nb4 21. Qg5 Nxd3 22. Qh6 Nxe1 23. Qg7# 1-0

[Event "*** Titled Tuesday Blitz AM"]
[Site "Chess.com"]
[Date "2020.01.07"]
[Round "9"]
[White "GMHess"]
[Black "platy3"]
[Result "0-1"]
[WhiteElo "2742"]
[BlackElo "2891"]
[TimeControl "180+2"]
[EndTime "11:03:41 PST"]
[Termination "platy3 won on time"]

1. c4 Nf6 2. Nc3 e6 3. e4 d5 4. e5 d4 5. exf6 dxc3 6. fxg7 cxd2+ 7. Bxd2 Bxg7 8. Qc2 Nc6 9. Nf3 a5 10. O-O-O Qe7 11.
a3 O-O 12. Bd3 f5 13. g4 fxg4 14. Bxh7+ Kh8 15. Ng5 Rxf2 16. Rhf1 Rf6 17. Rxf6 Qxf6 18. Bg6 Ne5 19. Be4 Kg8 0-1

[Event "*** Titled Tuesday Blitz AM"]
[Site "Chess.com"]
[Date "2020.01.07"]
[Round "9"]
[White "PaulfromSPb"]
[Black "WelshTiger"]
[Result "1-0"]
[WhiteElo "2654"]
[BlackElo "2384"]
[TimeControl "180+2"]
[EndTime "11:03:41 PST"]
[Termination "PaulfromSPb won on time"]

1. a3 g6 2. h3 Bg7 3. g4 c5 4. Bg2 d5 5. Nc3 e6 6. e4 d4 7. Nce2 e5 8. d3 Ne7 9. f4 exf4 10. Bxf4 Nbc6 11. Nf3 h6 12. Qd2 Be6 13. O-O g5 14. Bh2 Ng6 15. Ng3 Nf4 16. Nf5 Bxf5 17. exf5 Nxg2 18.
Qxg2 O-O 19. Rae1 Qd5 20. Ne5 Qxg2+ 21. Kxg2 Bxe5 22. Bxe5 Rfe8 23. Bd6 b6 24. Kf3 Rad8 25. Bc7 Rc8 26. Bg3 Kg7 27. Re4 Rxe4 28. Kxe4 Kf6 29. Kd5 Ne7+ 30. Kd6 Rd8+ 31. Kc7 Re8 32. Kd7 Ra8 33.
Re1 Nxf5 34. Rf1 Kg6 35. Rxf5 1-0

[Event "*** Titled Tuesday Blitz AM"]
[Site "Chess.com"]
[Date "2020.01.07"]
[Round "9"]
[White "BocharovD"]
[Black "KhazarBabazada"]
[Result "0-1"]
[WhiteElo "2773"]
[BlackElo "2915"]
[TimeControl "180+2"]
[EndTime "11:03:44 PST"]
[Termination "KhazarBabazada won on time"]

1. c4 Nf6 2. g3 g6 3. Bg2 Bg7 4. Nc3 O-O 5. d4 c6 6. e4 d6 7.
Nf3 Nbd7 8. O-O a6 9. Re1 e5 10. h3 Qe7 11. Be3 Ne8 12. Qd2 Nc7 13. Rad1 b5 14. dxe5 dxe5 15. Qd6 Qxd6 16. Rxd6 Ne8 17. Rdd1 f5 18. exf5 gxf5 19. Ng5 e4 20. Ne6 Rf7 21. Nxg7 Nxg7 22. g4 Ne5 23. cxb5 axb5 24. Rd8+ Rf8 25. Rxf8+ Kxf8 26. gxf5 Bxf5 27. Nxe4 Rxa2 28. Bc5+ Kg8 29.
Nf6+ Kf7 30. Rxe5 Kxf6 31. Bd4 Ne6 32. Bc3 b4 33. Ra5+ bxc3 34. Rxa2 c2 35. Ra1 Nd4 0-1

[Event "*** Titled Tuesday Blitz AM"]
[Site "Chess.com"]
[Date "2020.01.07"]
[Round "9"]
[White "JozefKneht"]
[Black "TrimitziosP7"]
[Result "1-0"]
[WhiteElo "2420"]
[BlackElo "2679"]
[TimeControl "180+2"]
[EndTime "11:03:46 PST"]
[Termination "JozefKneht won by resignation"]

1. e4 e5 2. Nf3 Nc6 3. Bb5 Nge7 4.
Nc3 g6 5. d4 exd4 6. Nxd4 Bg7 7.
Nxc6 Nxc6 8. O-O O-O 9. Re1 d6 10.
Nd5 Nd4 11. Bf1 c6 12. Ne3 f5 13. c3 Ne6 14. exf5 gxf5 15. Nc4 d5 16. Ne5 Nc5 17. Qh5 Ne4 18. Nf3 f4 19. Bd3 Bf5 20. Bxe4 Bxe4 21. Ng5 Bg6 22. Qg4 Qf6 23. Nf3 Be4 24. Bd2 Qg6 25.
Qxg6 hxg6 26. Ng5 Bd3 27. Ne6 Rfe8 28. Nxg7 Kxg7 29. Bxf4 Kf6 30. f3 g5 31. Bd2 Bf5 32. h3 b6 33. Kf2 c5 34. Rxe8 Rxe8 35. Re1 Rd8 36. g4 Bg6 37. Kg3 d4 38. cxd4 cxd4 39. h4 gxh4+ 40. Kxh4 Rc8 41. Bg5+ Kf7 42. Re7+ Kf8 43.
Rd7 d3 44. f4 Be4 45. f5 Rc2 46. Bf4 Rf2 47. Kg5 Ke8 48. Rd4 Re2 49. Kf6 b5 50.
Bc7 1-0

[Event "*** Titled Tuesday Blitz AM"]
[Site "Chess.com"]
[Date "2020.01.07"]
[Round "9"]
[White "Gabrielian_Artur"]
[Black "Olga_Zhuravleva"]
[Result "1-0"]
[WhiteElo "2790"]
[BlackElo "2346"]
[TimeControl "180+2"]
[EndTime "11:03:51 PST"]
[Termination "Gabrielian_Artur won by resignation"]

1. d4 g6 2. c4 Bg7 3. Nc3 d6 4.
e4 Nc6 5. Nge2 e5 6. Be3 Nf6 7.
f3 O-O 8. d5 Ne7 9. g4 a6 10.
Ng3 c5 11. h4 Ne8 12. h5 f5 13. hxg6 f4 14. gxh7+ Kh8 15. Nf5 Nxf5 16. gxf5 fxe3 17. Qe2 Nf6 18. Qxe3 Qb6 19. O-O-O Qa5 20. Bd3 Bd7 21. Rdg1 b5 22. Rxg7 Kxg7 23. h8=Q+ Rxh8 24. Qg5+ Kf7 25. Qg6+ Ke7 26. Qg7+ Kd8 27. Qxf6+ Kc7 28. Rxh8 Rxh8 29. Qxh8 b4 30. Nb1 Qxa2 31. Qh2 b3 32. Nc3 Qa1+ 33.
Bb1 Qa5 34. f4 Qb4 35. fxe5 Qxc4 36. exd6+ Kb6 37. Qf2 a5 38. f6 a4 39. f7 a3 40.
f8=Q a2 41. Qb8+ Ka6 42. Qa8+ Kb6 43. Bxa2 bxa2 44. Qxa2 1-0

[Event "*** Titled Tuesday Blitz AM"]
[Site "Chess.com"]
[Date "2020.01.07"]
[Round "9"]
[White "dawtonlms"]
[Black "zurzan"]
[Result "1-0"]
[WhiteElo "2317"]
[BlackElo "1969"]
[TimeControl "180+2"]
[EndTime "11:03:51 PST"]
[Termination "dawtonlms won by resignation"]

1. e4 Nf6 2. e5 Nd5 3. c4 Nb6 4. d4 d6 5. exd6 cxd6 6. Nc3 g6 7.
Be3 Bg7 8. b3 O-O 9. Rc1 Nc6 10. Nf3 Bf5 11. Be2 Rc8 12. O-O Re8 13. c5 dxc5 14. dxc5 Qxd1 15. Rfxd1 Nd7 16. h3 Nde5 17.
Nd4 Nxd4 18. Bxd4 Nc6 19. Bxg7 Kxg7 20. Bc4 Ne5 21. Bb5 Red8 22. b4 a6 23. Bf1 Nd3 24. Bxd3 Rxd3 25. Rxd3 Bxd3 26. Rd1 Bc4 27. Rd7 b6 28.
cxb6 Be6 29. Rc7 Rb8 30. b7 Kf6 31. a4 Ke5 32. b5 axb5 33. a5 b4 34. Na4 Kd6 35.
Rxe7 Kxe7 36. a6 Kd8 37. a7 Kc7 38. a8=Q Rxb7 39. Nc5 Rb6 40. Na6+ Kd7 41. Qa7+ 1-0

[Event "*** Titled Tuesday Blitz AM"]
[Site "Chess.com"]
[Date "2020.01.07"]
[Round "9"]
[White "ChessQueen"]
[Black "Artem_Ilyin"]
[Result "1-0"]
[WhiteElo "2662"]
[BlackElo "2529"]
[TimeControl "180+2"]
[EndTime "11:03:52 PST"]
[Termination "ChessQueen won by resignation"]

1. e4 c5 2. c3 d5 3. exd5 Qxd5 4.
d4 Nf6 5. Nf3 e6 6. Be2 Be7 7.
O-O O-O 8. c4 Qf5 9. Bd3 Qh5 10.
dxc5 Bxc5 11. Nc3 Nc6 12. Bg5 Be7 13. Qb1 b6 14. Ne4 Nxe4 15. Bxe7 Nxe7 16. Bxe4 Rb8 17.
Rd1 e5 18. c5 bxc5 19. Qc2 Ng6 20. Qxc5 Rxb2 21. Qxa7 Nf4 22. Qe7 Ne6 23. h3 Ba6 24. Rd5 Rb7 25. Qd6 Bc4 26. Rxe5 1-0

[Event "*** Titled Tuesday Blitz AM"]
[Site "Chess.com"]
[Date "2020.01.07"]
[Round "9"]
[White "WildTricks"]
[Black "ural58"]
[Result "1-0"]
[WhiteElo "2503"]
[BlackElo "2357"]
[TimeControl "180+2"]
[EndTime "11:03:54 PST"]
[Termination "WildTricks won by resignation"]

1. Nf3 d5 2. g3 Nc6 3. d4 Bf5 4. Bg2 Nb4 5. Na3 e6 6. O-O Nf6 7. c4 c6 8. Bd2 a5 9. Qb3 Be7 10. c5 O-O 11. Bxb4 axb4 12. Qxb4 b5 13. Ne5 Qc7 14. Qc3 Rfb8 15. Nc2 Ne4 16. Bxe4 Bxe4 17.
Nd3 Bf6 18. b3 h5 19. Ncb4 Qa5 20. Rfc1 Rc8 21. Ne5 Bxe5 22. dxe5 h4 23. gxh4 Qd8 24. Qg3 Bg6 25. Nd3 Bxd3 26. exd3 d4 27. Re1 Qd5 28. Re4 Qxc5 29. Rg4 Qf8 30. Rxd4 Rd8 31. Rd6 Rxd6 32. exd6 Rd8 33. a4 bxa4 34. bxa4 Qxd6 35. a5 Qd4 36. Ra3 Qb2 37. d4 Rxd4 38. a6 Rd1+ 39. Kg2 Ra1 40. Rxa1 Qxa1 41. Qb8+ Kh7 42. a7 Qd4 43.
a8=Q Qg4+ 44. Qg3 Qd1 1-0

[Event "*** Titled Tuesday Blitz AM"]
[Site "Chess.com"]
[Date "2020.01.07"]
[Round "9"]
[White "JSMastropiero"]
[Black "GMCarbone"]
[Result "0-1"]
[WhiteElo "2374"]
[BlackElo "2275"]
[TimeControl "180+2"]
[EndTime "11:03:57 PST"]
[Termination "GMCarbone won by resignation"]

1. e4 e5 2. Nf3 Nc6 3. Nc3 Nf6 4. Bb5 Bb4 5. O-O O-O 6. d3 Bxc3 7. bxc3 d6 8. Re1 Ne7 9. d4 Ng6 10. h3 h6 11. Rb1 c6 12. Bf1 Qc7 13. g3 Be6 14. Nh2 Bxa2 15. Ra1 Be6 16. Qf3 Nh7 17. h4 f5 18. exf5 Bxf5 19. Qd1 Qf7 20. Be3 b6 21. dxe5 Nxe5 22. Qxd6 Rae8 23. Bd4 Re6 24. Qa3 Ng4 25. Nxg4 Bxg4 26. Bc4 Rxe1+ 27. Rxe1 Qxc4 28. Re7 Nf6 29. Qxa7 Rf7 30. Bxf6 gxf6 31. Re8+ Kg7 32. Qb8 Rd7 33. Re1 Bf3 34. Qe8 Qf7 35. Qe3 Bd5 36. Qxb6 Re7 37.
Rd1 Qh5 38. Qd4 Qf3 0-1

[Event "*** Titled Tuesday Blitz AM"]
[Site "Chess.com"]
[Date "2020.01.07"]
[Round "9"]
[White "allvim"]
[Black "Sven_Tica"]
[Result "0-1"]
[WhiteElo "2358"]
[BlackElo "2657"]
[TimeControl "180+2"]
[EndTime "11:03:58 PST"]
[Termination "Sven_Tica won by resignation"]

1. e4 c5 2. Nf3 Nf6 3. Nc3 d5 4. exd5 Nxd5 5. Bc4 Nb6 6. Bb5+ Bd7 7. Bxd7+ Qxd7 8.
O-O Nc6 9. d3 e6 10. Bf4 Be7 11. Qe2 O-O 12. Rad1 Nd5 13. Nxd5 Qxd5 14. a3 Rad8 15.
Rfe1 Bf6 16. c3 Qb3 17. Ne5 Nxe5 18. Bxe5 Bxe5 19. Qxe5 Qxb2 20. Qxc5 b6 21. Qc7 Qxa3 22.
Ra1 Qd6 23. Qxd6 Rxd6 24. Rxa7 Rxd3 25. Rb7 Rxc3 26. Rxb6 g5 27. h3 Kg7 28. Rb7 Kg6 29.
Rd1 h5 30. Rdd7 h4 31. Rdc7 Rxc7 32. Rxc7 Ra8 33. Rb7 Ra1+ 34. Kh2 Ra2 35. f3 e5 36. Rb8 f6 37. Rb4 Kf5 38. Rc4 Rd2 39. Rb4 Rd4 40.
Rb5 Kf4 41. Rb6 f5 42. Rb5 e4 43. fxe4 fxe4 44. Rb8 e3 45. Rf8+ Ke4 46. g3 Rd2+ 47. Kg1 Rd1+ 48. Kg2 e2 49. Re8+ Kd3 50. Rd8+ Kc4 51.
Rc8+ Kb5 0-1

[Event "*** Titled Tuesday Blitz AM"]
[Site "Chess.com"]
[Date "2020.01.07"]
[Round "9"]
[White "nouma78"]
[Black "Martins-BR"]
[Result "1-0"]
[WhiteElo "2531"]
[BlackElo "2373"]
[TimeControl "180+2"]
[EndTime "11:03:59 PST"]
[Termination "nouma78 won by resignation"]

1. d4 f5 2. Nc3 Nf6 3. f3 d5 4.
Bg5 Nc6 5. e3 e6 6. Bb5 Bd7 7.
Nge2 Be7 8. Nf4 O-O 9. Bxc6 bxc6 10. Na4 Rb8 11. Rb1 h6 12. Bxf6 Rxf6 13. Nd3 Rg6 14. O-O Bd6 15. Nac5 Be8 16. f4 Rg4 17. h3 Rh4 18. Qe1 Bf7 19. Kh2 g5 20. g3 Rh5 21.
b4 Qe7 22. Ne5 Bxe5 23. dxe5 Kh7 24. c3 Rg8 25. Qf2 Rg6 26. Rb3 a5 27. Ra3 axb4 28.
cxb4 Qf8 29. Ra6 Qg8 30. Ra7 Qb8 31. Rb7 Qc8 32. a4 Be8 33. a5 Qd8 34. a6 1-0

[Event "*** Titled Tuesday Blitz AM"]
[Site "Chess.com"]
[Date "2020.01.07"]
[Round "9"]
[White "GMKrikor"]
[Black "Peroncio"]
[Result "1-0"]
[WhiteElo "2876"]
[BlackElo "2751"]
[TimeControl "180+2"]
[EndTime "11:04:00 PST"]
[Termination "GMKrikor won by checkmate"]

1. Nf3 e6 2. c4 f5 3. g3 Nf6 4. Bg2 d5 5. O-O Bd6 6. d3 O-O 7. Nbd2 Nc6 8. d4 Ne4 9. e3 b6 10. a3 Ba6 11. b3 Na5 12. Qc2 c5 13. dxc5 bxc5 14. Rd1 Qb6 15. Bb2 Nc6 16. cxd5 exd5 17. Nxe4 fxe4 18. Ng5 Rf5 19. Nxe4 dxe4 20. Bxe4 Rh5 21.
Rxd6 Bb7 22. Qc4+ Kh8 23. Qf7 Nd8 24. Qxg7# 1-0

[Event "*** Titled Tuesday Blitz AM"]
[Site "Chess.com"]
[Date "2020.01.07"]
[Round "9"]
[White "MikeSailer"]
[Black "Iyael"]
[Result "0-1"]
[WhiteElo "2093"]
[BlackElo "2077"]
[TimeControl "180+2"]
[EndTime "11:04:01 PST"]
[Termination "Iyael won by resignation"]

1. b4 e5 2. Bb2 Bxb4 3. Bxe5 Nf6 4. Nf3 d5 5. e3 O-O 6. Be2 Nc6 7. Bb2 Bg4 8. O-O Bd6 9. h3 Bh5 10. c4 Re8 11. d4 dxc4 12. Bxc4 a6 13. Nbd2 b5 14. Be2 Ne7 15. a4 bxa4 16. Qxa4 a5 17. Ba3 Ned5 18. Rfc1 Bb4 19. Bb5 Rf8 20. Bxb4 axb4 21. Qxa8 Qxa8 22. Rxa8 Rxa8 23. Bc6 Ra2 24. Nb3 Nc3 25. Kf1 Bg6 26.
Nc5 Nfe4 27. Nxe4 Nxe4 28. Bxe4 Bxe4 29. Rxc7 Bd3+ 30. Kg1 h6 31. Ne5 Bc2 32. Rxf7 b3 33.
Rb7 b2 34. Rb8+ Kh7 35. Nc4 b1=Q+ 36. Rxb1 Bxb1 0-1